 Dungeon Crawl Stone Soup version 0.24-a0-54-g776a2178cb (webtiles) character file.

Game seed: 7412585512427094687

25712 Flugslaktarn the Severer (level 12, -1/112 HPs)
             Began as a Minotaur Fighter on Feb 4, 2019.
             Was a High Priest of Makhleb.
             Slain by an eight-headed hydra (11 damage)
             ... on level 5 of the Lair of Beasts.
             The game lasted 00:08:07 (15001 turns).

Flugslaktarn the Severer (Minotaur Fighter)        Turns: 15001, Time: 00:08:08

Health: -1/112     AC: 17    Str: 28    XL:     12   Next: 91%
Magic:  17/17      EV: 10    Int:  4    God:    Makhleb [*****.]
Gold:   783        SH:  0    Dex:  7    Spells: 11/11 levels left

rFire    . . .     SeeInvis .   b - +2 battleaxe (distort)
rCold    + + .     Gourm    .   (shield currently unavailable)
rNeg     . . .     Faith    .   h - +2 chain mail {MR+}
rPois    .         Spirit   .   (helmet restricted)
rElec    .         Reflect  .   B - scarf {repulsion}
rCorr    .         Harm     .   a - +2 pair of gloves "Cunyv" {rC+}
MR       +....     Clarity  +   (no boots)
Stlth    ..........             (no amulet)
HPRegen  0.28/turn              c - ring of protection from cold
MPRegen  0.15/turn              p - -2 ring of dexterity (curse)

@: repel missiles
A: retaliatory headbutt, horns 2, clarity, dopey 1, strong 1
a: Minor Destruction, Lesser Servant of Makhleb, Major Destruction, Greater
Servant of Makhleb, Renounce Religion


You were on level 5 of the Lair of Beasts.
You worshipped Makhleb.
Makhleb was extremely pleased with you.
You were not hungry.

You visited 3 branches of the dungeon, and saw 17 of its levels.

You collected 783 gold pieces.

Inventory:

Hand Weapons
 b - a +2 battleaxe of distortion (weapon)
 o - a +2 war axe of chopping
 D - a +0 broad axe
Missiles
 m - 6 throwing nets (quivered)
Armour
 a - the +2 pair of gloves "Cunyv" (worn) {rC+}
   (You found it on level 6 of the Dungeon)

   It protects you from cold.
 d - a scarf of cloud immunity
 h - a +2 chain mail of magic resistance (worn)
 k - a +0 shield
 s - a cursed +0 large shield
 B - a scarf of repulsion (worn)
Jewellery
 c - a ring of protection from cold (left hand)
 p - a cursed -2 ring of dexterity (right hand)
 r - an uncursed ring of resist corrosion
 H - an uncursed amulet of the acrobat {unknown}
Wands
 j - a wand of iceblast (18) {@v4}
Scrolls
 g - 10 scrolls of remove curse {@r2}
 n - 2 scrolls of magic mapping {unknown}
 q - 2 scrolls of enchant weapon {unknown}
 t - 2 scrolls of noise {unknown}
 w - 4 scrolls of teleportation {@r3}
 x - 2 scrolls of blinking {unknown}
 y - a scroll of holy word
 E - a scroll of fog {unknown}
 F - a scroll of identify {@r1}
 I - a scroll of brand weapon {unknown}
Potions
 e - 4 potions of curing {@q1}
 i - a potion of brilliance {unknown}
 l - a potion of cancellation
 u - 2 potions of mutation
 v - a potion of flight
 z - 2 potions of lignification {unknown}
 A - a potion of might {@q4}
 G - a potion of haste {@q3}
Comestibles
 f - 13 rations {@e1}


   Skills:
 + Level 12.1 Fighting
 * Level 15.8 Axes
 + Level 12.0 Armour
 + Level 4.4 Dodging
 - Level 3.6 Shields
 + Level 9.2 Invocations


You had 11 spell levels left.
You didn't know any spells.
Your spell library was empty.

Dungeon Overview and Level Annotations

Branches:
Dungeon (11/15)            Temple (1/1) D:6            Lair (5/6) D:11
 Shoals (0/4) Lair:3       Spider (0/4) Lair:3          Orc (0/2) D:11
  Slime: Lair:5-6

Altars:
Ashenzari
Cheibriados
Dithmenos
Elyvilon
Fedhas
Gozag
Makhleb
Okawaru
Qazlal
Trog
Uskayaw
Wu Jian
Xom
Yredelemnul
Zin
The Shining One
Beogh

Shops:
D:5 }

Annotations:
D:10 2 transporters
Abyss:1 Nergalle


Innate Abilities, Weirdness & Mutations

You reflexively headbutt those who attack you in melee.
You have a pair of horns on your head.
You possess an exceptional clarity of mind.
You are dopey. (Int -2)
Your muscles are strong. (Str +2)


Message History

The crocodile disappears!
Evoke which item? (* to show all) (? for menu, Esc to quit)
Okay, then.
Press: ? - help, v - describe, . - travel
Here: an eight-headed hydra (severely wounded)
The floor, spattered with blood.
Okay, then.
Okay, then.
As you read the scroll of summoning, it crumbles to dust.
Wisps of shadow whirl around you...
The eight-headed hydra bites you but does no damage. x2
The eight-headed hydra bites you.
* * * LOW HITPOINT WARNING * * *
The eight-headed hydra bites you.
* * * LOW HITPOINT WARNING * * *
The eight-headed hydra closely misses you.
The eight-headed hydra bites you!
* * * LOW HITPOINT WARNING * * *
The eight-headed hydra bites you!
You die...

...#PP............#
.$..... #.........#
.....<.##P........#
........##.......##
..?.......#.......##
......†.####.......##
P.......# #...F.....#
#........ #P..D.<..h#
.........##..h.@h...#
........###.....h..##
.....?... ##.......#
........#####..F...#
.......#.#.....>...#
P.........#
............#
..........PP#
..........###


You could see an eight-headed hydra, a spiny frog, 4 friendly wolves and a
friendly bullfrog.

Vanquished Creatures
  Harold (D:7)
  A centaur warrior (D:9)
  Urug (Lair:4)
  Pikel (D:7)
  3 centaur zombies
  2 elephants (Lair:4)
  Maurice (D:8)
  2 black mambas (Lair:3)
  Psyche (D:9)
  2 spiny frogs (Lair:1)
  5 komodo dragons
  4 trolls
  3 blink frogs (Lair:5)
  4 hippogriffs
  24 yaks
  2 redbacks (Lair:3)
  A spriggan (D:7)
  2 wyverns
  4 basilisks
  3 hungry ghosts
  A steam dragon (D:10)
  4 wargs (D:10)
  Duvessa (D:7)
  15 water moccasins
  7 porcupines
  2 sky beasts
  2 black bears
  2 slaves (D:7)
  2 phantoms
  9 orc warriors
  2 ice beasts (D:10)
  15 wolves
  2 ogres
  6 centaurs
  9 crocodiles
  Blork the orc (D:5)
  A big kobold (D:9)
  9 bullfrogs
  A wyvern zombie (D:10)
  Dowan (D:7)
  A water moccasin zombie (D:10)
  2 scorpions (D:9)
  9 killer bees
  5 wights (D:8)
  An electric eel (D:10)
  5 howler monkeys
  2 quasits
  6 crimson imps
  11 orc priests
  5 hounds
  5 jellies
  A centaur skeleton (D:9)
  11 orc wizards
  6 iguanas
  5 worker ants
  A hound skeleton (D:6)
  A worker ant zombie (D:7)
  17 gnolls
  14 adders
  A shadow imp (D:7)
  An adder zombie (D:7)
  An adder skeleton (D:5)
  2 worms
  A dart slug (D:1)
  A leopard gecko (D:5)
  48 orcs
  7 giant cockroaches
  2 hobgoblins
  16 jackals
  9 kobolds
  5 quokkas
  2 goblins
  A jackal skeleton (D:4)
  A quokka skeleton (D:7)
  5 rats
  2 fungi
  4 plants
376 creatures vanquished.

Vanquished Creatures (others)
  An elephant (Lair:4)
  2 slaves (D:7)
  2 crocodiles
  A bullfrog (Lair:1)
  An adder (D:7)
  A ball python (D:7)
  2 plants
10 creatures vanquished.

Grand Total: 386 creatures vanquished

Notes
Turn   | Place    | Note
-------+----------+-------------------------------------------
     0 | D:1      | Flugslaktarn the Minotaur Fighter began the quest for the
                  | Orb.
     0 | D:1      | Reached XP level 1. HP: 19/19 MP: 0/0
    82 | D:2      | Reached XP level 2. HP: 27/27 MP: 1/1
    89 | D:2      | Reached skill level 3 in Axes
   274 | D:2      | Reached XP level 3. HP: 29/33 MP: 2/2
   594 | D:4      | Reached skill level 4 in Axes
   697 | D:4      | Reached XP level 4. HP: 41/41 MP: 3/3
   793 | D:4      | Reached XP level 5. HP: 47/47 MP: 4/4
   842 | D:4      | Reached skill level 5 in Axes
   955 | D:5      | Entered Level 5 of the Dungeon
   987 | D:5      | Found an opulent altar of Gozag.
  1117 | D:5      | Found a basalt altar of Yredelemnul.
  1118 | D:5      | Found a white marble altar of Elyvilon.
  1118 | D:5      | Found an ornate altar of the Wu Jian Council.
  1119 | D:5      | Found a shadowy altar of Dithmenos.
  1145 | D:5      | Noticed a sky beast
  1157 | D:5      | Killed a sky beast
  1157 | D:5      | Reached skill level 5 in Fighting
  1157 | D:5      | Reached skill level 5 in Armour
  1357 | D:5      | Found Bovuutz's Gadget Shoppe.
  1358 | D:5      | Found an iron altar of Okawaru.
  1368 | D:5      | Reached XP level 6. HP: 55/56 MP: 5/5
  1498 | D:5      | Noticed Blork the orc
  1510 | D:5      | Killed Blork the orc
  1510 | D:5      | Reached skill level 6 in Axes
  2076 | D:6      | Found a staircase to the Ecumenical Temple.
  2089 | D:6      | Got a pair of warped gloves
  2095 | D:6      | Identified the +2 pair of gloves "Cunyv" {rC+} (You found
                  | it on level 6 of the Dungeon)
  2102 | Temple   | Entered the Ecumenical Temple
  2200 | Temple   | Became a worshipper of Makhleb the Destroyer
  2294 | D:6      | Noticed an orc warrior
  2680 | D:6      | Killed an orc warrior
  2680 | D:6      | Reached XP level 7. HP: 25/62 MP: 6/6
  2682 | D:6      | Reached skill level 1 in Invocations
  2910 | D:6      | Reached skill level 7 in Axes
  2956 | D:6      | Gained mutation: Your muscles are strong. (Str +2) [potion
                  | of mutation]
  2956 | D:6      | Gained mutation: You are dopey. (Int -2) [potion of
                  | mutation]
  2956 | D:6      | Gained mutation: You possess an exceptional clarity of
                  | mind. [potion of mutation]
  3469 | D:6      | Reached * piety under Makhleb
  3479 | D:6      | Reached skill level 8 in Axes
  3479 | D:6      | Reached XP level 8. HP: 12/71 MP: 8/8
  4256 | D:7      | Noticed Pikel
  4273 | D:7      | Killed Pikel
  4273 | D:7      | Reached skill level 9 in Axes
  4431 | D:7      | Found a snail-covered altar of Cheibriados.
  4509 | D:7      | Noticed Duvessa
  4514 | D:7      | Noticed Dowan
  4520 | D:7      | Killed Duvessa
  4522 | D:7      | Reached XP level 9. HP: 53/79 MP: 9/11
  4539 | D:7      | Killed Dowan
  4581 | D:7      | Noticed Harold
  4591 | D:7      | Killed Harold
  4591 | D:7      | Reached skill level 10 in Axes
  5296 | D:7      | Found a glowing silver altar of Zin.
  5394 | D:8      | Reached skill level 5 in Invocations
  5395 | D:8      | Reached ** piety under Makhleb
  5403 | D:8      | Reached skill level 11 in Axes
  5832 | D:8      | Reached XP level 10. HP: 53/90 MP: 13/13
  6586 | D:8      | Noticed Maurice
  6596 | D:8      | Killed Maurice
  6840 | D:9      | Reached *** piety under Makhleb
  6844 | D:9      | Noticed a centaur warrior
  6858 | D:9      | Killed a centaur warrior
  6858 | D:9      | Reached skill level 12 in Axes
  7168 | D:9      | Noticed Psyche
  7177 | D:9      | Paralysed by something for 3 turns
  7182 | D:9      | Killed Psyche
  8227 | D:10     | Entered Level 10 of the Dungeon
  8229 | D:10     | Reached skill level 10 in Fighting
  8236 | D:10     | Reached skill level 10 in Armour
  8236 | D:10     | Reached XP level 11. HP: 91/99 MP: 15/15
  8248 | D:10     | Reached skill level 13 in Axes
  8368 | D:10     | Noticed an ogre mage
  8368 | D:10     | Noticed an orc sorcerer
  8391 | D:10     | Reached **** piety under Makhleb
  9313 | D:10     | Found a transporter.
  9315 | D:10     | Found a transporter.
  9319 | D:10     | Found a roughly hewn altar of Beogh.
 10199 | D:11     | Found a staircase to the Lair.
 10204 | D:11     | Reached skill level 14 in Axes
 10224 | D:10     | Reached ***** piety under Makhleb
 10673 | D:11     | Found a staircase to the Orcish Mines.
 11094 | Lair:1   | Entered Level 1 of the Lair of Beasts
 11151 | Lair:1   | Identified a scroll of acquirement
 11474 | Lair:1   | Reached XP level 12. HP: 110/110 MP: 17/17
 11558 | Lair:1   | Reached skill level 1 in Dodging
 13188 | Lair:3   | Reached skill level 15 in Axes
 13285 | Lair:3   | Found a hole to the Spider Nest.
 13310 | Lair:3   | You fall through a shaft!
 13519 | Lair:3   | Found the +8 whip "Snakebite" {curare, rPois}
 13583 | Lair:3   | Noticed Nergalle
 13592 | Lair:3   | Banished Nergalle
 13639 | Lair:3   | Found a staircase to the Shoals.
 14052 | Lair:4   | Noticed Urug
 14074 | Lair:4   | Killed Urug
 14980 | Lair:5   | Noticed a five-headed hydra
 15001 | Lair:5   | Slain by an eight-headed hydra

Vault maps used:
D:1:      scummos_arrival_simple_fountains
D:2:      first_ration
D:3:      chequers_ecumenical_altar_simple
D:4:      st_stairs_7, minmay_ruptured
D:5:      nicolae_overflow_crystal_walls, kennysheep_little_box,
          chequers_temple_overflow_statue_of_worship, serial_shops, shop,
          uniq_blork_the_orc
D:6:      minmay_temple_entry_crystal_x, grunt_potential
D:7:      lemuel_doored_altar, zin_scriptorium, the_bakery, uniq_pikel,
          uniq_harold, uniq_duvessa
D:8:      kennysheep_dice, uniq_maurice
D:9:      corexii_checkpoint_a, uniq_psyche
D:10:     gammafunk_beogh_shrine, nooodl_orcs_dogs
D:11:     minmay_lair_entry_grove, david_orc_2, portal_ice_cave_entry_imps
Temple:   dpeg_chambers_temple
Lair:3:   minmay_guarded_unrand_snakebite, shoals_dummy_entry,
          spider_nest_entry_webs, st_stairs_5, serial_bayou_lake_a,
          infiniplex_staircase_pool, serial_bayou_shore_b, uniq_nergalle
Lair:4:   lemuel_fruit_tree, grunt_megastairs_4, uniq_urug
Lair:5:   slime_altar_1, minivault_23, uniq_josephine

Skill      XL: |  1  2  3  4  5  6  7  8  9 10 11 12 |
---------------+-------------------------------------+-----
Axes           | 3 4 5 6 8 9 11 12 14 15 | 15.8
Fighting       | 4 5 6 7 8 10 11 12 | 12.1
Armour         | 4 5 6 7 8 10 11 12 | 12.0
Invocations    | 2 4 5 6 8 9 |  9.2
Dodging        | 4 |  4.4
Shields        | |  3.6

Action                   |  1- 3 |  4- 6 |  7- 9 | 10-12 || total
-------------------------+-------+-------+-------+-------++-------
Melee: War axe           |    59 |    66 |   232 |   434 ||   791
       Headbutt          |    10 |     8 |    45 |    97 ||   160
       Battleaxe         |       |       |       |   229 ||   229
  Use: Scroll            |       |       |     5 |     7 ||    12
       Potion            |       |       |     2 |     2 ||     4
 Stab: Invisible         |       |       |       |     2 ||     2
  Eat: Chunk             |       |     2 |     5 |    17 ||    24
       Ration            |       |     1 |     2 |     6 ||     9
Armor: Scale mail        |    35 |    19 |   110 |   154 ||   318
       Chain mail        |       |       |       |   176 ||   176
Dodge: Dodged            |    22 |    11 |    80 |   235 ||   348
       Deflected         |       |       |       |     2 ||     2
Block: Shield            |    31 |    41 |   123 |   184 ||   379

Table legend:
 A = Non-vault XP
 B = Vault XP
 C = Vault XP percentage of total XP
 D = Non-vault monster count
 E = Vault monster count
 F = Vault count percentage of total count
                 A         B        C        D         E       F
            +---------+---------+-------+---------+---------+-------
      Total |   26199 |   10533 |  28.7 |     294 |      79 |  21.2
            +---------+---------+-------+---------+---------+-------
        D:1 |      11 |       0 |   0.0 |       6 |       0 |   0.0
        D:2 |      51 |       0 |   0.0 |      15 |       0 |   0.0
        D:3 |      15 |       0 |   0.0 |       2 |       0 |   0.0
        D:4 |      79 |      82 |  50.9 |       4 |       3 |  42.9
        D:5 |     242 |      96 |  28.4 |      10 |       1 |   9.1
        D:6 |     699 |     397 |  36.2 |      27 |      15 |  35.7
        D:7 |     735 |    2075 |  73.8 |      24 |       5 |  17.2
        D:8 |    1679 |     472 |  21.9 |      33 |       1 |   2.9
        D:9 |    3592 |     458 |  11.3 |      32 |       3 |   8.6
       D:10 |    5382 |    1486 |  21.6 |      55 |      14 |  20.3
       D:11 |    1995 |    1369 |  40.7 |      22 |      18 |  45.0
     Lair:1 |    2064 |       0 |   0.0 |      11 |       0 |   0.0
     Lair:2 |    2985 |       0 |   0.0 |      22 |       0 |   0.0
     Lair:3 |    3185 |    2856 |  47.3 |      18 |      17 |  48.6
     Lair:4 |    2265 |    1242 |  35.4 |       7 |       2 |  22.2
     Lair:5 |    1220 |       0 |   0.0 |       6 |       0 |   0.0
            +---------+---------+-------+---------+---------+-------
